 Dungeon Sprint DCSS version 0.20.1-1-g8b1a95d (webtiles) character file.

35 Mitsuki the Magician (level 3, 0/19 HPs)
             Began as a Deep Elf Fire Elementalist on Sept 25, 2017.
             Was a Believer of Vehumet.
             Slain by a river rat (9 damage)
             ... in the Dungeon (Sprint VII: "The Pits").
             The game lasted 00:02:33 (286 turns).

Mitsuki the Magician (Deep Elf Fire Elementalist)    Turns: 286, Time: 00:02:34

Health: 0/19       AC:  2    Str:  5    XL:     3   Next: 17%
Magic:  5/11       EV: 13    Int: 20    God:    Vehumet [**....]
Gold:   0          SH:  0    Dex: 15    Spells: 11/12 levels left

rFire    . . .     SeeInvis .   j - +2 quarterstaff
rCold    . . .     Gourm    .   (shield currently unavailable)
rNeg     . . .     Faith    .   a - +0 robe
rPois    .         Spirit   .   (no helmet)
rElec    .         Reflect  .   (no cloak)
rCorr    .         Harm     .   (no gloves)
MR       .....     NoTele   +   (no boots)
Stlth    ++........             (no amulet)
Regen    0.1/turn               (no ring)
MPRegen  0.2/turn               (no ring)

@: no status effects
A: no striking features
a: Renounce Religion


You were in the Dungeon.
You worshipped Vehumet.
Vehumet was pleased with you.
You were not hungry.

You visited 1 branch

Inventory:

Hand Weapons
 j - a +2 quarterstaff (weapon)
Armour
 a - a +0 robe (worn)
Scrolls
 i - a scroll of blinking
 l - 3 scrolls of remove curse
 m - 5 scrolls of amnesia
 n - a scroll of summoning
Potions
 d - a potion of curing
 e - a potion of heal wounds
 f - a potion of haste
 g - 4 potions of magic
 h - 3 potions of berserk rage
 k - 2 potions of invisibility
Books
 b - a book of Flames

   Spells                             Type                      Level
   a - Flame Tongue                   Conjuration/Fire             1
   b - Throw Flame                    Conjuration/Fire             2
   c - Conjure Flame                  Conjuration/Fire             3
   d - Inner Flame                    Hexes/Fire                   3
   e - Sticky Flame                   Conjuration/Fire             4
   f - Fireball                       Conjuration/Fire             5
Comestibles
 c - 8 bread rations
 o - 40 fruits
 p - 7 meat rations
 q - 2 chunks of flesh


   Skills:
 - Level 2.4 Dodging
 - Level 2.4 Stealth
 + Level 5.4 Spellcasting
 + Level 4.1 Conjurations
 + Level 5.2 Fire Magic


You had 11 spell levels left.
You knew the following spells:

 Your Spells              Type           Power        Failure   Level  Hunger
a - Flame Tongue          Conj/Fire      ###..        1%          1    None


Dungeon Overview and Level Annotations

Branches:
Dungeon (1/1)

Altars:
Ashenzari
Cheibriados
Dithmenos
Elyvilon
Fedhas
Gozag
Hepliaklqana
Kikubaaqudgha
Makhleb
Nemelex Xobeh
Okawaru
Qazlal
Ru
Sif Muna
Trog
Uskayaw
Vehumet
Xom
Yredelemnul
Zin
The Shining One
Beogh
Jiyva
Lugonu


Message History

Press: ? - help, Shift-Dir - straight line, f/p - river rat
Aim: a river rat The flame tongue hits the river rat.
The river rat appears unharmed.
The river rat barely misses you.
Casting: Flame Tongue
Confirm with . or Enter, or press ? or * to list all spells.
Aiming: Flame Tongue
Press: ? - help, Shift-Dir - straight line, f/p - river rat
Aim: a river rat The flame tongue hits the river rat.
The river rat appears unharmed.
The river rat bites you!
Casting: Flame Tongue
Confirm with . or Enter, or press ? or * to list all spells.
Aiming: Flame Tongue
Press: ? - help, Shift-Dir - straight line, f/p - river rat
Aim: a river rat The flame tongue hits the river rat.
The river rat is heavily wounded.
The river rat bites you!
You die...

#.?(.')))'.##......#..
##########.##.........
#.....(....)'.........
#'#####'#####......#..
#.#..#.).'.##.........
#.#..#...#.#####'#####
#.#..#####.##.......#
#.#..÷...#.##.......#
#.#..@...'.##.......#
#.#.r########...<...#
#.#.† #.......# #.#..
#.......# #+###
#.......# #..#
######### #.... ##.#.#
..r..


You could see a river rat.

Vanquished Creatures
  A gnoll (D)
  An adder (D)
  An ufetubus (D)
  An adder skeleton (D)
  2 leopard geckos (D)
  An orc (D)
  A bat (D)
  A kobold (D)
9 creatures vanquished.

Notes
Turn   | Place    | Note
-------+----------+-------------------------------------------
     0 | D        | Mitsuki the Deep Elf Fire Elementalist began the quest for the Orb.
     0 | D        | Reached XP level 1. HP: 10/10 MP: 6/6
    42 | D        | Found a glowing golden altar of the Shining One.
    42 | D        | Found a glowing silver altar of Zin.
    42 | D        | Found a basalt altar of Yredelemnul.
    42 | D        | Found a shimmering altar of Xom.
    42 | D        | Found a bloodstained altar of Trog.
    42 | D        | Found a deep blue altar of Sif Muna.
    42 | D        | Found a sacrificial altar of Ru.
    42 | D        | Found a stormy altar of Qazlal.
    42 | D        | Found an iron altar of Okawaru.
    42 | D        | Found a sparkling altar of Nemelex Xobeh.
    42 | D        | Found a burning altar of Makhleb.
    42 | D        | Found a viscous altar of Jiyva.
    42 | D        | Found a hazy altar of Hepliaklqana.
    42 | D        | Found an opulent altar of Gozag.
    42 | D        | Found a blossoming altar of Fedhas.
    42 | D        | Found a white marble altar of Elyvilon.
    42 | D        | Found a shadowy altar of Dithmenos.
    42 | D        | Found a snail-covered altar of Cheibriados.
    43 | D        | Found a radiant altar of Vehumet.
    43 | D        | Found a corrupted altar of Lugonu.
    43 | D        | Found a roughly hewn altar of Beogh.
    44 | D        | Found a hide-covered altar of Uskayaw.
    44 | D        | Found an ancient bone altar of Kikubaaqudgha.
    44 | D        | Found a shattered altar of Ashenzari.
    51 | D        | Became a worshipper of Vehumet
   114 | D        | Reached XP level 2. HP: 15/15 MP: 4/9
   179 | D        | Reached * piety under Vehumet
   179 | D        | Offered knowledge of Freeze by Vehumet.
   226 | D        | Reached skill level 5 in Spellcasting
   226 | D        | Reached skill level 5 in Fire Magic
   248 | D        | Reached ** piety under Vehumet
   248 | D        | Reached XP level 3. HP: 19/19 MP: 8/11
   286 | D        | Slain by a river rat

Skill      XL: |  1  2 |
---------------+-------+-----
Spellcasting   | 4 5 |  5.4
Conjurations   | 2 4 |  4.1
Fire Magic     | 4 5 |  5.2
Dodging        | |  2.4
Stealth        | |  2.4

Action                   || total
-------------------------++-------
 Cast: Flame Tongue      ||    22
Armor: Robe              ||     2
Dodge: Dodged            ||     6
